WCHLSIM.com - West Coast Hockey League
html PUBLIC "-//W3C//DTD XHTML 1.0 Transitional//EN" "http://www.w3.org/TR/xhtml1/DTD/xhtml1-transitional.dtd"> WCHL - Game 89 - PHOENIX MUSTANGS vs VICTORIA GLADIATORS

PHOENIX MUSTANGS vs VICTORIA GLADIATORS

Created - 25 novembre 2020 at 22:08

Goals
1 2 3 T
PHOENIX MUSTANGS 1 1 2 4
VICTORIA GLADIATORS 1 1 1 3
Shots
1 2 3 T
PHOENIX MUSTANGS 10 9 3 22
VICTORIA GLADIATORS 3 12 3 18

1st period

1. VICTORIA GLADIATORS , Vincent Trocheck 2 (Jakub Voracek 2) at 6:33
2. PHOENIX MUSTANGS , Jordan Greenway 1 (Kevin Hayes 4) at 19:08

Penalties :
Nick Holden (VIC) for Goalie Interference (Minor) at 10:20, Duncan Keith (VIC) for Hooking (Minor) at 12:22

2nd period

3. VICTORIA GLADIATORS , Anze Kopitar 4 (Kyle Connor 7, Bryan Rust 6) at 6:30
4. PHOENIX MUSTANGS , Jesper Fast 1 (Teuvo Teravainen 4, Nicklas Backstrom 3) at 8:15 (PP)

Penalties :
Torey Krug (VIC) for Tripping (Minor) at 7:17

3rd period

5. VICTORIA GLADIATORS , Tanner Pearson 1 (Vincent Trocheck 2) at 1:34 (SH)
6. PHOENIX MUSTANGS , Andrew Copp 3 (Alexander Steen 1, Clayton Keller 1) at 10:22
7. PHOENIX MUSTANGS , Nicklas Backstrom 2 (Teuvo Teravainen 5, Jesper Fast 2) at 10:51

Penalties :
Elias Lindholm (VIC) for Slashing (Minor) at 0:06, John Hayden (VIC) for Hooking (Minor) at 18:23

Goalie Stats

Corey Crawford (PHX), 15 saves from 18 shots - (0,833), W, 1-0-0, 60:00 minutes
Carter Hart (VIC), 18 saves from 22 shots - (0,818), L, 4-1-0, 60:00 minutes

Players Stats for PHOENIX MUSTANGS

Player Name              G  A  P  +/- PIM S  H  SB GA TA FO     MP     PP MP  PK MP  
------------------------------------------------------------------------------------
Alexander Steen          0  1  1  -1  0   2  0  0  0  0  0/1    20:32   3:32   0:00 
Andrew Copp              1  0  1  -1  0   4  1  2  0  0  8/15   20:32   3:32   0:00 
Chris Terry              0  0  0  -1  0   0  0  0  0  0  0/0     4:41   0:00   0:00 
Christian Dvorak         0  0  0  -1  0   0  0  0  0  0  5/6     4:41   0:00   0:00 
Clayton Keller           0  1  1  -1  0   7  1  0  0  0  0/2    20:32   3:32   0:00 
David Backes             0  0  0   1  0   0  0  0  0  0  2/2    13:24   0:00   0:00 
David Drake              0  0  0  -1  0   0  0  0  0  0  0/0     3:56   0:00   0:00 
Dennis Cholowski         0  0  0   1  0   0  2  1  0  0  0/0    15:12   0:58   0:00 
Drew Doughty             0  0  0   1  0   0  1  0  0  0  0/0    21:41   4:59   0:00 
Erik Karlsson            0  0  0   0  0   0  1  3  0  0  0/0    24:39   4:01   0:00 
Fredrik Claesson         0  0  0   1  0   0  2  2  0  0  0/0    14:14   0:00   0:00 
Jay Bouwmeester          0  0  0  -1  0   1  1  1  0  0  0/0    20:09   3:32   0:00 
Jesper Fast              1  1  2   1  0   2  4  0  0  0  0/0    21:23   4:59   0:00 
Jonas Brodin             0  0  0  -1  0   0  0  2  0  0  0/0    20:09   3:32   0:00 
Jordan Greenway          1  0  1   1  0   2  0  1  0  0  0/0    13:24   0:00   0:00 
Kevin Hayes              0  1  1   1  0   0  0  1  0  0  9/13   14:22   0:58   0:00 
Nicklas Backstrom        1  1  2   0  0   3  1  0  0  0  9/24   25:06   4:01   0:00 
Teuvo Teravainen         0  2  2   1  0   1  2  0  0  0  0/1    21:23   4:59   0:00 

Players Stats for VICTORIA GLADIATORS

Player Name              G  A  P  +/- PIM S  H  SB GA TA FO     MP     PP MP  PK MP  
------------------------------------------------------------------------------------
Alex Goligoski           0  0  0   1  0   0  1  1  0  0  0/0    20:41   0:00   0:50 
Anze Kopitar             1  0  1   1  0   3  1  1  0  0  14/18  18:07   0:00   0:00 
Bryan Rust               0  1  1   1  0   3  4  0  0  0  1/2    18:07   0:00   0:00 
Derek Grant              0  0  0   0  0   1  0  0  0  0  0/0     4:13   0:00   0:00 
Duncan Keith             0  0  0   1  2   0  1  0  0  0  0/0    19:50   0:00   0:00 
Elias Lindholm           0  0  0   0  2   2  0  0  0  0  1/2    16:05   0:00   0:00 
Jakub Voracek            0  1  1   0  0   1  0  0  0  0  0/0    16:06   0:00   0:00 
Jared McCann             0  0  0  -2  0   1  1  0  0  0  2/10   13:03   0:00   0:00 
Johan Larsson            0  0  0   0  0   0  0  0  0  0  4/8     7:42   0:00   3:29 
John Hayden              0  0  0   0  2   0  0  0  0  0  0/0     4:25   0:00   0:13 
Kyle Connor              0  1  1   1  0   2  0  0  0  0  0/1    18:07   0:00   0:00 
Marco Scandella          0  0  0  -2  0   0  0  0  0  0  0/0    18:52   0:00   4:50 
Mattias Janmark          0  0  0  -2  0   0  0  0  0  0  0/0    16:38   0:00   3:35 
Nick Holden              0  0  0  -2  2   0  3  2  0  0  0/0    17:15   0:00   3:14 
Nikita Zaitsev           0  0  0   1  0   0  2  0  0  0  0/0    22:03   0:00   4:27 
Tanner Pearson           1  0  1  -1  0   2  2  0  0  0  0/4    18:05   0:00   5:02 
Torey Krug               0  0  0   1  2   0  0  0  0  0  0/0    21:16   0:00   3:41 
Vincent Trocheck         1  1  2   1  0   3  0  0  0  0  9/19   20:49   0:00   4:43 

3 Stars

1 - Jesper Fast (PHX)
2 - Nicklas Backstrom (PHX)
3 - Vincent Trocheck (VIC)

Power Play

PHOENIX MUSTANGS - 1 on 5 Attempt(s) - 20,00%
VICTORIA GLADIATORS - 0 on 0 Attempt(s) - 0,00%

Penalty Kill

PHOENIX MUSTANGS - 0 on 0 Attempt(s) - 0,00% - Score 0 goal in Penalty Kill
VICTORIA GLADIATORS - 4 on 5 Attempt(s) - 80,00% - Score 1 goal in Penalty Kill

Team Stat

PHOENIX MUSTANGS - Hits : 16 - Faceoff Wins : 33 - Blocked Shots : 13 - Penalty Minutes : 0
VICTORIA GLADIATORS - Hits : 15 - Faceoff Wins : 31 - Blocked Shots : 4 - Penalty Minutes : 10

Official

Referees : Ghislain Hebert and Ian Walsh
Linesman : Jim Harper and Justin Cornell

Game Notes

No Game Note

Finance

Level 1 -- Attendance: 6300 (100,00%) -- Ticket Income 800 100 $
Level 2 -- Attendance: 5300 (100,00%) -- Ticket Income 434 600 $
Level 3 -- Attendance: 2200 (100,00%) -- Ticket Income 147 400 $
Level 4 -- Attendance: 4200 (100,00%) -- Ticket Income 155 400 $
Luxury Box -- Attendance: 845 (84,50%) -- Ticket Income 276 315 $
Game was played at the Verizon Center.
Total Attendance: 18845 (99,18%)
Total Ticket Income: 1 813 815 $
Other Income: 634 835 $
Total Income: 2 448 650 $

PHOENIX MUSTANGS

5 vs 5 Forward 
   Center                   Left Wing                Right Wing               Time % Phy DF OF 
 1 Nicklas Backstrom        Teuvo Teravainen         Jesper Fast              36     1   2  2  
 2 Andrew Copp              Clayton Keller           Alexander Steen          31     1   2  2  
 3 Kevin Hayes              Jordan Greenway          David Backes             23     1   2  2  
 4 Christian Dvorak         Chris Terry              Nicklas Backstrom        10     1   2  2  

5 vs 5 Defense 
   Defense                  Defense                                           Time % Phy DF OF 
 1 Erik Karlsson            Drew Doughty                                      36     1   2  2  
 2 Jonas Brodin             Jay Bouwmeester                                   31     1   2  2  
 3 Dennis Cholowski         Fredrik Claesson                                  23     1   2  2  
 4 David Drake              Erik Karlsson                                     10     1   2  2  

PowerPlay Forward 
   Center                   Left Wing                Right Wing               Time % Phy DF OF 
 1 Nicklas Backstrom        Teuvo Teravainen         Jesper Fast              55     1   2  2  
 2 Andrew Copp              Clayton Keller           Alexander Steen          45     1   2  2  

PowerPlay Defense
   Defense                  Defense                                           Time % Phy DF OF 
 1 Erik Karlsson            Drew Doughty                                      55     1   2  2  
 2 Jonas Brodin             Jay Bouwmeester                                   45     1   2  2  

Penalty Kill 4 Players Forward 
   Center                   Wing                     Time % Phy DF OF 
 1 Nicklas Backstrom        Teuvo Teravainen         55     1   2  2  
 2 Andrew Copp              Jesper Fast              45     1   2  2  

Penalty Kill 4 Players Defense
   Defense                  Defense                  Time % Phy DF OF 
 1 Erik Karlsson            Drew Doughty             55     1   2  2  
 2 Jonas Brodin             Jay Bouwmeester          45     1   2  2  

Penalty Kill - 3 Players Forward 
   Forward                                           Time % Phy DF OF 
 1 Nicklas Backstrom                                 55     1   2  2  
 2 Teuvo Teravainen                                  45     1   2  2  

Penalty Kill - 3 Players Defense
   Defense                  Defense                  Time % Phy DF OF 
 1 Erik Karlsson            Drew Doughty             55     1   2  2  
 2 Jonas Brodin             Jay Bouwmeester          45     1   2  2  

4 vs 4 Forward 
   Center                   Wing                     Time % Phy DF OF 
 1 Nicklas Backstrom        Teuvo Teravainen         55     1   2  2  
 2 Andrew Copp              Jesper Fast              45     1   2  2  

4 vs 4 Defense
   Defense                  Defense                  Time % Phy DF OF 
 1 Erik Karlsson            Drew Doughty             55     1   2  2  
 2 Jonas Brodin             Jay Bouwmeester          45     1   2  2  

Last Minutes Offensive
   Center                   Left Wing                Right Wing               Defense                  Defense                  
   Nicklas Backstrom        Teuvo Teravainen         Jesper Fast              Erik Karlsson            Drew Doughty             

Last Minutes Defensive
   Center                   Left Wing                Right Wing               Defense                  Defense                  
   Nicklas Backstrom        Teuvo Teravainen         Jesper Fast              Erik Karlsson            Drew Doughty             

Goaltenders
Starting : Corey Crawford           
Backup : Joonas Korpisalo         

Extra Forwards
Normal : Kevin Hayes, Christian Dvorak, Jordan Greenway - PP : Kevin Hayes, Christian Dvorak - PK : Jordan Greenway
Extra Defensemen
Normal : Dennis Cholowski, Fredrik Claesson, David Drake - PP : Dennis Cholowski - PK : Fredrik Claesson, David Drake
Penalty Shots
Nicklas Backstrom, Teuvo Teravainen, Andrew Copp, Jesper Fast, Kevin Hayes
Custom OT Lines Forwards
Nicklas Backstrom, Teuvo Teravainen, Andrew Copp, Jesper Fast, Kevin Hayes, Christian Dvorak, Clayton Keller, Alexander Steen, Jordan Greenway, David Backes
Custom OT Lines Defensemen
Erik Karlsson, Drew Doughty, Jonas Brodin, Jay Bouwmeester, Dennis Cholowski

Scratches
T.J. Oshie (Exhaustion)

VICTORIA GLADIATORS

5 vs 5 Forward 
   Center                   Left Wing                Right Wing               Time % Phy DF OF 
 1 Anze Kopitar             Kyle Connor              Bryan Rust               37     0   2  3  
 2 Vincent Trocheck         Jakub Voracek            Elias Lindholm           33     0   2  3  
 3 Jared McCann             Tanner Pearson           Mattias Janmark          23     1   2  2  
 4 Johan Larsson            Derek Grant              John Hayden              7      1   2  2  

5 vs 5 Defense 
   Defense                  Defense                                           Time % Phy DF OF 
 1 Duncan Keith             Alex Goligoski                                    40     0   3  2  
 2 Torey Krug               Nikita Zaitsev                                    35     0   3  2  
 3 Nick Holden              Marco Scandella                                   25     1   4  0  
 4 Duncan Keith             Nikita Zaitsev                                    0      1   4  0  

PowerPlay Forward 
   Center                   Left Wing                Right Wing               Time % Phy DF OF 
 1 Anze Kopitar             Kyle Connor              Bryan Rust               55     0   1  4  
 2 Elias Lindholm           Jared McCann             Jakub Voracek            45     0   1  4  

PowerPlay Defense
   Defense                  Defense                                           Time % Phy DF OF 
 1 Duncan Keith             Alex Goligoski                                    55     0   2  3  
 2 Torey Krug               Nikita Zaitsev                                    45     0   2  3  

Penalty Kill 4 Players Forward 
   Center                   Wing                     Time % Phy DF OF 
 1 Vincent Trocheck         Tanner Pearson           55     0   4  1  
 2 Johan Larsson            Mattias Janmark          45     0   4  1  

Penalty Kill 4 Players Defense
   Defense                  Defense                  Time % Phy DF OF 
 1 Torey Krug               Nikita Zaitsev           55     1   3  1  
 2 Nick Holden              Marco Scandella          45     1   3  1  

Penalty Kill - 3 Players Forward 
   Forward                                           Time % Phy DF OF 
 1 Johan Larsson                                     55     1   3  1  
 2 Vincent Trocheck                                  45     1   3  1  

Penalty Kill - 3 Players Defense
   Defense                  Defense                  Time % Phy DF OF 
 1 Duncan Keith             Alex Goligoski           55     1   3  1  
 2 Torey Krug               Nikita Zaitsev           45     1   3  1  

4 vs 4 Forward 
   Center                   Wing                     Time % Phy DF OF 
 1 Anze Kopitar             Kyle Connor              55     0   2  3  
 2 Elias Lindholm           Jakub Voracek            45     0   2  3  

4 vs 4 Defense
   Defense                  Defense                  Time % Phy DF OF 
 1 Nick Holden              Marco Scandella          55     0   2  3  
 2 Torey Krug               Nikita Zaitsev           45     0   2  3  

Last Minutes Offensive
   Center                   Left Wing                Right Wing               Defense                  Defense                  
   Anze Kopitar             Kyle Connor              Jakub Voracek            Duncan Keith             Alex Goligoski           

Last Minutes Defensive
   Center                   Left Wing                Right Wing               Defense                  Defense                  
   Johan Larsson            Tanner Pearson           Mattias Janmark          Nick Holden              Marco Scandella          

Goaltenders
Starting : Carter Hart              
Backup : Jack Campbell            

Extra Forwards
Normal : Tanner Pearson, Bryan Rust, Jared McCann - PP : Vincent Trocheck, Mattias Janmark - PK : John Hayden
Extra Defensemen
Normal : Nick Holden, Alex Goligoski, Marco Scandella - PP : Nick Holden - PK : Marco Scandella, Alex Goligoski
Penalty Shots
Bryan Rust, Anze Kopitar, Kyle Connor, Elias Lindholm, Jakub Voracek
Custom OT Lines Forwards
Anze Kopitar, Bryan Rust, Kyle Connor, Elias Lindholm, Jakub Voracek, Vincent Trocheck, Tanner Pearson, Jared McCann, Mattias Janmark, Derek Grant
Custom OT Lines Defensemen
Duncan Keith, Alex Goligoski, Torey Krug, Nikita Zaitsev, Nick Holden

Scratches
None


% Time on Ice - PHOENIX MUSTANGS

Lines # - Real PCT - Wanted PCT - Time Play
Normal Forward
1 - 32% - 36% - 16:24
2 - 33% - 31% - 17:00
3 - 26% - 23% - 13:24
4 - 9% - 10% - 4:41
Normal Defense
1 - 32% - 36% - 16:42
2 - 32% - 31% - 16:37
3 - 28% - 23% - 14:14
4 - 8% - 10% - 3:56
PP Forward
1 - 59% - 55% - 4:59
2 - 41% - 45% - 3:32
PP Defense
1 - 59% - 55% - 4:59
2 - 41% - 45% - 3:32
PK Forward
1 - 0% - 55%
2 - 0% - 45%
PK Defense
1 - 0% - 55%
2 - 0% - 45%
PK3 Forward
1 - 0% - 55%
2 - 0% - 45%
PK3 Defense
1 - 0% - 55%
2 - 0% - 45%
44 Forward
1 - 0% - 55%
2 - 0% - 45%
44 Defense
1 - 0% - 55%
2 - 0% - 45%
Last Minute Offensive  - 0:00
Last Minute Defensive  - 0:00
Total
Forward - 60:00
Defense - 60:00

% Time on Ice - VICTORIA GLADIATORS

Lines # - Real PCT - Wanted PCT - Time Play
Normal Forward
1 - 35% - 37% - 18:07
2 - 31% - 33% - 16:06
3 - 25% - 23% - 13:03
4 - 8% - 7% - 4:13
Normal Defense
1 - 39% - 40% - 19:51
2 - 34% - 35% - 17:36
3 - 27% - 25% - 14:02
4 - 0% - 0% - 0:00
PP Forward
1 - 0% - 55%
2 - 0% - 45%
PP Defense
1 - 0% - 55%
2 - 0% - 45%
PK Forward
1 - 59% - 55% - 5:02
2 - 41% - 45% - 3:29
PK Defense
1 - 52% - 55% - 4:27
2 - 48% - 45% - 4:04
PK3 Forward
1 - 0% - 55%
2 - 0% - 45%
PK3 Defense
1 - 0% - 55%
2 - 0% - 45%
44 Forward
1 - 0% - 55%
2 - 0% - 45%
44 Defense
1 - 0% - 55%
2 - 0% - 45%
Last Minute Offensive  - 0:00
Last Minute Defensive  - 0:00
Total
Forward - 60:00
Defense - 60:00

Play-by-Play

1st period


0:01 of 1st period - Anze Kopitar wins face-off versus Nicklas Backstrom in neutral zone.
0:27 of 1st period - Shot by Nicklas Backstrom.
0:27 of 1st period - Shot Blocked by Anze Kopitar.
1:15 of 1st period - Shot by Clayton Keller.
1:15 of 1st period - Shot Misses the Net.
2:21 of 1st period - Shot by Jordan Greenway.
2:21 of 1st period - Deflect By Kevin Hayes.
2:21 of 1st period - Shot Misses the Net.
2:45 of 1st period - Shot by Jared McCann.
2:45 of 1st period - Shot Misses the Net.
2:47 of 1st period - Shot by Jared McCann.
2:47 of 1st period - Shot Misses the Net.
3:02 of 1st period - Icing by Kevin Hayes.
3:03 of 1st period - Anze Kopitar wins face-off versus Kevin Hayes in PHOENIX MUSTANGS zone.
3:13 of 1st period - Icing by Jordan Greenway.
3:14 of 1st period - Johan Larsson wins face-off versus Kevin Hayes in PHOENIX MUSTANGS zone.
3:49 of 1st period - Shot by Derek Grant.
3:49 of 1st period - Shot Blocked by Fredrik Claesson.
3:51 of 1st period - Shot by Duncan Keith.
3:51 of 1st period - Deflect By John Hayden.
3:51 of 1st period - Shot Misses the Net.
3:53 of 1st period - Shot by Duncan Keith.
3:53 of 1st period - Shot Blocked by Jordan Greenway.
4:24 of 1st period - Shot by Nicklas Backstrom.
4:24 of 1st period - Shot Misses the Net.
4:26 of 1st period - Shot by Jesper Fast.
4:26 of 1st period - Stopped by Carter Hart without a rebound.
4:27 of 1st period - Jared McCann wins face-off versus Andrew Copp in VICTORIA GLADIATORS zone.
5:03 of 1st period - Icing by Nikita Zaitsev.
5:04 of 1st period - Nicklas Backstrom wins face-off versus Jared McCann in VICTORIA GLADIATORS zone.
5:45 of 1st period - Shot by Nicklas Backstrom.
5:45 of 1st period - Stopped by Carter Hart without a rebound.
5:46 of 1st period - Andrew Copp wins face-off versus Anze Kopitar in VICTORIA GLADIATORS zone.
6:03 of 1st period - Shot by Clayton Keller.
6:03 of 1st period - Stopped by Carter Hart without a rebound.
6:04 of 1st period - Christian Dvorak wins face-off versus Vincent Trocheck in VICTORIA GLADIATORS zone.
6:11 of 1st period - Shot by Nicklas Backstrom.
6:11 of 1st period - Shot Misses the Net.
6:25 of 1st period - Shot by Nicklas Backstrom.
6:25 of 1st period - Shot Misses the Net.
6:31 of 1st period - Shot by Jakub Voracek.
6:31 of 1st period - Shot Misses the Net.
6:33 of 1st period - Shot by Vincent Trocheck.
6:33 of 1st period - Goal by Vincent Trocheck - PHOENIX MUSTANGS : 0 - VICTORIA GLADIATORS : 1.
6:34 of 1st period - Anze Kopitar wins face-off versus Clayton Keller in neutral zone.
7:50 of 1st period - Shot by Teuvo Teravainen.
7:50 of 1st period - Deflect By Nicklas Backstrom.
7:50 of 1st period - Shot Misses the Net.
8:17 of 1st period - Jakub Voracek is hit by Drew Doughty and loses puck.
8:35 of 1st period - Icing by Drew Doughty.
8:36 of 1st period - Nicklas Backstrom wins face-off versus Jared McCann in PHOENIX MUSTANGS zone.
9:19 of 1st period - Shot by Tanner Pearson.
9:19 of 1st period - Stopped by Corey Crawford without a rebound.
9:20 of 1st period - Andrew Copp wins face-off versus Kyle Connor in PHOENIX MUSTANGS zone.
9:20 of 1st period - Andrew Copp is hit by Bryan Rust.
9:23 of 1st period - Clayton Keller is hit by Bryan Rust and loses puck.
9:35 of 1st period - Icing by Andrew Copp.
9:36 of 1st period - Elias Lindholm wins face-off versus Andrew Copp in PHOENIX MUSTANGS zone.
10:00 of 1st period - Shot by Andrew Copp.
10:00 of 1st period - Stopped by Carter Hart with a rebound.
10:03 of 1st period - Clayton Keller is hit by Nick Holden and loses puck.
10:17 of 1st period - Icing by Elias Lindholm.
10:18 of 1st period - Kevin Hayes wins face-off versus Elias Lindholm in VICTORIA GLADIATORS zone.
10:20 of 1st period - Minor Penalty to Nick Holden for Goalie Interference.
10:21 of 1st period - Vincent Trocheck wins face-off versus Teuvo Teravainen in VICTORIA GLADIATORS zone.
10:21 of 1st period - Vincent Trocheck is hit by Jesper Fast.
11:27 of 1st period - Icing by Alexander Steen.
11:28 of 1st period - Andrew Copp wins face-off versus Vincent Trocheck in PHOENIX MUSTANGS zone.
11:35 of 1st period - Shot by Andrew Copp.
11:35 of 1st period - Deflect By Clayton Keller.
11:35 of 1st period - Stopped by Carter Hart without a rebound.
11:36 of 1st period - Vincent Trocheck wins face-off versus Andrew Copp in VICTORIA GLADIATORS zone.
12:05 of 1st period - Icing by Jonas Brodin.
12:06 of 1st period - Andrew Copp wins face-off versus Johan Larsson in PHOENIX MUSTANGS zone.
12:22 of 1st period - Minor Penalty to Duncan Keith for Hooking.
12:23 of 1st period - Johan Larsson wins face-off versus Nicklas Backstrom in VICTORIA GLADIATORS zone.
14:52 of 1st period - Shot by Anze Kopitar.
14:52 of 1st period - Stopped by Corey Crawford without a rebound.
14:53 of 1st period - Christian Dvorak wins face-off versus Johan Larsson in PHOENIX MUSTANGS zone.
15:00 of 1st period - Icing by Nick Holden.
15:01 of 1st period - Johan Larsson wins face-off versus Nicklas Backstrom in VICTORIA GLADIATORS zone.
16:11 of 1st period - Icing by Bryan Rust.
16:12 of 1st period - Anze Kopitar wins face-off versus Clayton Keller in VICTORIA GLADIATORS zone.
16:23 of 1st period - Nikita Zaitsev is hit by Andrew Copp and loses puck.
17:13 of 1st period - Icing by Nikita Zaitsev.
17:14 of 1st period - Anze Kopitar wins face-off versus Kevin Hayes in VICTORIA GLADIATORS zone.
17:16 of 1st period - Icing by Kyle Connor.
17:17 of 1st period - Kevin Hayes wins face-off versus Anze Kopitar in VICTORIA GLADIATORS zone.
17:31 of 1st period - Icing by Torey Krug.
17:32 of 1st period - Anze Kopitar wins face-off versus Nicklas Backstrom in VICTORIA GLADIATORS zone.
17:39 of 1st period - Shot by Nicklas Backstrom.
17:39 of 1st period - Stopped by Carter Hart with a rebound.
18:50 of 1st period - Shot by Clayton Keller.
18:50 of 1st period - Stopped by Carter Hart with a rebound.
19:04 of 1st period - Shot by Alexander Steen.
19:04 of 1st period - Stopped by Carter Hart without a rebound.
19:05 of 1st period - Kevin Hayes wins face-off versus Jared McCann in VICTORIA GLADIATORS zone.
19:08 of 1st period - Shot by Jordan Greenway.
19:08 of 1st period - Goal by Jordan Greenway - PHOENIX MUSTANGS : 1 - VICTORIA GLADIATORS : 1.
19:09 of 1st period - David Backes wins face-off versus Jared McCann in neutral zone.
19:36 of 1st period - Shot by Kevin Hayes.
19:36 of 1st period - Shot Misses the Net.
19:38 of 1st period - Shot by Jordan Greenway.
19:38 of 1st period - Stopped by Carter Hart without a rebound.
19:39 of 1st period - Vincent Trocheck wins face-off versus Nicklas Backstrom in VICTORIA GLADIATORS zone.
19:39 of 1st period - Vincent Trocheck is hit by Jesper Fast.
Goals for this period are 1 for PHOENIX MUSTANGS vs 1 for VICTORIA GLADIATORS.
Shots for this period are 10 for PHOENIX MUSTANGS vs 3 for VICTORIA GLADIATORS.

2nd period


0:01 of 2nd period - Vincent Trocheck wins face-off versus Nicklas Backstrom in neutral zone.
1:35 of 2nd period - Icing by Torey Krug.
1:36 of 2nd period - Kevin Hayes wins face-off versus Tanner Pearson in VICTORIA GLADIATORS zone.
2:00 of 2nd period - Tanner Pearson is hit by Dennis Cholowski and loses puck.
2:32 of 2nd period - Shot by Bryan Rust.
2:32 of 2nd period - Stopped by Corey Crawford without a rebound.
2:33 of 2nd period - Christian Dvorak wins face-off versus Johan Larsson in PHOENIX MUSTANGS zone.
2:51 of 2nd period - Derek Grant is hit by Nicklas Backstrom and loses puck.
3:08 of 2nd period - Shot by Johan Larsson.
3:08 of 2nd period - Shot Misses the Net.
3:10 of 2nd period - Shot by Derek Grant.
3:10 of 2nd period - Stopped by Corey Crawford with a rebound.
4:00 of 2nd period - Shot by Clayton Keller.
4:00 of 2nd period - Stopped by Carter Hart with a rebound.
4:02 of 2nd period - Shot by Andrew Copp.
4:02 of 2nd period - Stopped by Carter Hart without a rebound.
4:03 of 2nd period - Kevin Hayes wins face-off versus Vincent Trocheck in VICTORIA GLADIATORS zone.
4:19 of 2nd period - Jordan Greenway is hit by Nikita Zaitsev and loses puck.
4:30 of 2nd period - Shot by Vincent Trocheck.
4:30 of 2nd period - Shot Misses the Net.
4:38 of 2nd period - Shot by Jakub Voracek.
4:38 of 2nd period - Shot Blocked by Fredrik Claesson.
4:40 of 2nd period - Shot by Elias Lindholm.
4:40 of 2nd period - Stopped by Corey Crawford without a rebound.
4:41 of 2nd period - Nicklas Backstrom wins face-off versus Jared McCann in PHOENIX MUSTANGS zone.
4:53 of 2nd period - Duncan Keith is hit by Jesper Fast and loses puck.
5:01 of 2nd period - Jesper Fast is hit by Duncan Keith and loses puck.
5:11 of 2nd period - Teuvo Teravainen is hit by Alex Goligoski and loses puck.
5:48 of 2nd period - Shot by Andrew Copp.
5:48 of 2nd period - Shot Blocked by Alex Goligoski.
6:30 of 2nd period - Shot by Anze Kopitar.
6:30 of 2nd period - Goal by Anze Kopitar - PHOENIX MUSTANGS : 1 - VICTORIA GLADIATORS : 2.
6:31 of 2nd period - David Backes wins face-off versus Vincent Trocheck in neutral zone.
6:36 of 2nd period - Shot by Kevin Hayes.
6:36 of 2nd period - Shot Misses the Net.
6:49 of 2nd period - Icing by Nick Holden.
6:50 of 2nd period - Vincent Trocheck wins face-off versus Nicklas Backstrom in VICTORIA GLADIATORS zone.
6:50 of 2nd period - Vincent Trocheck is hit by Teuvo Teravainen.
6:57 of 2nd period - Shot by Vincent Trocheck.
6:57 of 2nd period - Deflect By Jakub Voracek.
6:57 of 2nd period - Shot Blocked by Erik Karlsson.
7:01 of 2nd period - Shot by Jakub Voracek.
7:01 of 2nd period - Stopped by Corey Crawford without a rebound.
7:02 of 2nd period - Christian Dvorak wins face-off versus Bryan Rust in PHOENIX MUSTANGS zone.
7:02 of 2nd period - Christian Dvorak is hit by Anze Kopitar.
7:17 of 2nd period - Minor Penalty to Torey Krug for Tripping.
7:18 of 2nd period - Andrew Copp wins face-off versus Vincent Trocheck in VICTORIA GLADIATORS zone.
7:39 of 2nd period - Shot by Clayton Keller.
7:39 of 2nd period - Stopped by Carter Hart with a rebound.
7:41 of 2nd period - Shot by Andrew Copp.
7:41 of 2nd period - Stopped by Carter Hart without a rebound.
7:42 of 2nd period - Nicklas Backstrom wins face-off versus Johan Larsson in VICTORIA GLADIATORS zone.
7:43 of 2nd period - Shot by Teuvo Teravainen.
7:43 of 2nd period - Stopped by Carter Hart without a rebound.
7:44 of 2nd period - Vincent Trocheck wins face-off versus Nicklas Backstrom in VICTORIA GLADIATORS zone.
8:13 of 2nd period - Shot by Nicklas Backstrom.
8:13 of 2nd period - Deflect By Teuvo Teravainen.
8:13 of 2nd period - Shot Misses the Net.
8:15 of 2nd period - Shot by Jesper Fast.
8:15 of 2nd period - Goal by Jesper Fast - PHOENIX MUSTANGS : 2 - VICTORIA GLADIATORS : 2.
8:16 of 2nd period - Anze Kopitar wins face-off versus Andrew Copp in neutral zone.
8:33 of 2nd period - Andrew Copp is hit by Bryan Rust and loses puck.
8:50 of 2nd period - Shot by Kyle Connor.
8:50 of 2nd period - Deflect By Bryan Rust.
8:50 of 2nd period - Stopped by Corey Crawford with a rebound.
8:52 of 2nd period - Shot by Bryan Rust.
8:52 of 2nd period - Stopped by Corey Crawford with a rebound.
8:54 of 2nd period - Shot by Alex Goligoski.
8:54 of 2nd period - Shot Blocked by Andrew Copp.
9:17 of 2nd period - Icing by Andrew Copp.
9:18 of 2nd period - Andrew Copp wins face-off versus Vincent Trocheck in PHOENIX MUSTANGS zone.
9:47 of 2nd period - Shot by Jakub Voracek.
9:47 of 2nd period - Deflect By Elias Lindholm.
9:47 of 2nd period - Shot Misses the Net.
10:50 of 2nd period - Shot by Tanner Pearson.
10:50 of 2nd period - Deflect By Jared McCann.
10:50 of 2nd period - Stopped by Corey Crawford without a rebound.
10:51 of 2nd period - Anze Kopitar wins face-off versus Christian Dvorak in PHOENIX MUSTANGS zone.
10:56 of 2nd period - Shot by Kyle Connor.
10:56 of 2nd period - Stopped by Corey Crawford with a rebound.
11:05 of 2nd period - Icing by Alex Goligoski.
11:06 of 2nd period - Anze Kopitar wins face-off versus Andrew Copp in VICTORIA GLADIATORS zone.
11:40 of 2nd period - Bryan Rust is hit by Dennis Cholowski and loses puck.
11:45 of 2nd period - Shot by Anze Kopitar.
11:45 of 2nd period - Shot Blocked by Andrew Copp.
12:08 of 2nd period - Off-side.
12:09 of 2nd period - Nicklas Backstrom wins face-off versus Tanner Pearson in neutral zone.
12:09 of 2nd period - Teuvo Teravainen is hit by Tanner Pearson and loses puck.
13:39 of 2nd period - Shot by Vincent Trocheck.
13:39 of 2nd period - Stopped by Corey Crawford without a rebound.
13:40 of 2nd period - Anze Kopitar wins face-off versus Andrew Copp in PHOENIX MUSTANGS zone.
13:41 of 2nd period - Shot by Kyle Connor.
13:41 of 2nd period - Deflect By Bryan Rust.
13:41 of 2nd period - Shot Misses the Net.
13:49 of 2nd period - Shot by Kyle Connor.
13:49 of 2nd period - Stopped by Corey Crawford without a rebound.
13:50 of 2nd period - Kevin Hayes wins face-off versus Anze Kopitar in PHOENIX MUSTANGS zone.
14:30 of 2nd period - Shot by Anze Kopitar.
14:30 of 2nd period - Shot Blocked by Kevin Hayes.
15:21 of 2nd period - Shot by Clayton Keller.
15:21 of 2nd period - Stopped by Carter Hart without a rebound.
15:22 of 2nd period - Nicklas Backstrom wins face-off versus Jared McCann in VICTORIA GLADIATORS zone.
15:45 of 2nd period - Shot by Nicklas Backstrom.
15:45 of 2nd period - Shot Misses the Net.
15:48 of 2nd period - Icing by Nick Holden.
15:49 of 2nd period - Andrew Copp wins face-off versus Jared McCann in VICTORIA GLADIATORS zone.
16:04 of 2nd period - Nick Holden is hit by Clayton Keller and loses puck.
16:24 of 2nd period - Shot by Andrew Copp.
16:24 of 2nd period - Shot Misses the Net.
16:26 of 2nd period - Shot by Andrew Copp.
16:26 of 2nd period - Deflect By Clayton Keller.
16:26 of 2nd period - Shot Misses the Net.
16:28 of 2nd period - Shot by Jay Bouwmeester.
16:28 of 2nd period - Stopped by Carter Hart without a rebound.
16:29 of 2nd period - Anze Kopitar wins face-off versus Nicklas Backstrom in VICTORIA GLADIATORS zone.
16:29 of 2nd period - Anze Kopitar is hit by Teuvo Teravainen.
17:07 of 2nd period - Icing by Duncan Keith.
17:08 of 2nd period - Anze Kopitar wins face-off versus Kevin Hayes in VICTORIA GLADIATORS zone.
17:27 of 2nd period - Shot by Bryan Rust.
17:27 of 2nd period - Shot Misses the Net.
17:43 of 2nd period - Shot by Vincent Trocheck.
17:43 of 2nd period - Stopped by Corey Crawford with a rebound.
17:45 of 2nd period - Shot by Elias Lindholm.
17:45 of 2nd period - Shot Blocked by Jonas Brodin.
17:47 of 2nd period - Shot by Nikita Zaitsev.
17:47 of 2nd period - Shot Blocked by Jonas Brodin.
19:12 of 2nd period - Shot by Andrew Copp.
19:12 of 2nd period - Deflect By Clayton Keller.
19:12 of 2nd period - Stopped by Carter Hart with a rebound.
19:14 of 2nd period - Shot by Alexander Steen.
19:14 of 2nd period - Shot Misses the Net.
19:47 of 2nd period - Off-side.
19:48 of 2nd period - Anze Kopitar wins face-off versus Nicklas Backstrom in neutral zone.
19:53 of 2nd period - Shot by Kyle Connor.
19:53 of 2nd period - Shot Misses the Net.
Goals for this period are 1 for PHOENIX MUSTANGS vs 1 for VICTORIA GLADIATORS.
Shots for this period are 9 for PHOENIX MUSTANGS vs 12 for VICTORIA GLADIATORS.

3rd period


0:01 of 3rd period - Vincent Trocheck wins face-off versus Nicklas Backstrom in neutral zone.
0:06 of 3rd period - Minor Penalty to Elias Lindholm for Slashing.
0:07 of 3rd period - Vincent Trocheck wins face-off versus Nicklas Backstrom in VICTORIA GLADIATORS zone.
0:44 of 3rd period - Shot by Jesper Fast.
0:44 of 3rd period - Shot Misses the Net.
0:50 of 3rd period - Shot by Nicklas Backstrom.
0:50 of 3rd period - Shot Misses the Net.
1:34 of 3rd period - Shot by Tanner Pearson.
1:34 of 3rd period - Goal by Tanner Pearson - PHOENIX MUSTANGS : 2 - VICTORIA GLADIATORS : 3.
1:35 of 3rd period - Nicklas Backstrom wins face-off versus Vincent Trocheck in neutral zone.
2:12 of 3rd period - Bryan Rust is hit by Fredrik Claesson and loses puck.
2:31 of 3rd period - Shot by Bryan Rust.
2:31 of 3rd period - Shot Misses the Net.
3:17 of 3rd period - Torey Krug is hit by Jay Bouwmeester and loses puck.
4:11 of 3rd period - Icing by Nikita Zaitsev.
4:12 of 3rd period - Johan Larsson wins face-off versus Nicklas Backstrom in VICTORIA GLADIATORS zone.
4:12 of 3rd period - Johan Larsson is hit by Jesper Fast.
6:01 of 3rd period - Icing by Dennis Cholowski.
6:02 of 3rd period - Kevin Hayes wins face-off versus Tanner Pearson in PHOENIX MUSTANGS zone.
6:26 of 3rd period - Off-side.
6:27 of 3rd period - Anze Kopitar wins face-off versus Nicklas Backstrom in neutral zone.
6:41 of 3rd period - Shot by Bryan Rust.
6:41 of 3rd period - Shot Misses the Net.
6:49 of 3rd period - Jesper Fast is hit by Bryan Rust and loses puck.
6:58 of 3rd period - Off-side.
6:59 of 3rd period - Jared McCann wins face-off versus Alexander Steen in neutral zone.
7:04 of 3rd period - Shot by Mattias Janmark.
7:04 of 3rd period - Shot Blocked by Jay Bouwmeester.
7:16 of 3rd period - Andrew Copp is hit by Tanner Pearson and loses puck.
7:32 of 3rd period - Icing by Andrew Copp.
7:33 of 3rd period - Andrew Copp wins face-off versus Vincent Trocheck in PHOENIX MUSTANGS zone.
7:48 of 3rd period - Shot by Jakub Voracek.
7:48 of 3rd period - Deflect By Elias Lindholm.
7:48 of 3rd period - Shot Misses the Net.
8:03 of 3rd period - Icing by Jakub Voracek.
8:04 of 3rd period - Nicklas Backstrom wins face-off versus Vincent Trocheck in VICTORIA GLADIATORS zone.
8:27 of 3rd period - Shot by Teuvo Teravainen.
8:27 of 3rd period - Shot Misses the Net.
10:18 of 3rd period - Shot by Alexander Steen.
10:18 of 3rd period - Stopped by Carter Hart with a rebound.
10:20 of 3rd period - Shot by Alexander Steen.
10:20 of 3rd period - Shot Blocked by Nick Holden.
10:22 of 3rd period - Shot by Andrew Copp.
10:22 of 3rd period - Goal by Andrew Copp - PHOENIX MUSTANGS : 3 - VICTORIA GLADIATORS : 3.
10:23 of 3rd period - Nicklas Backstrom wins face-off versus Vincent Trocheck in neutral zone.
10:49 of 3rd period - Shot by Jesper Fast.
10:49 of 3rd period - Shot Misses the Net.
10:51 of 3rd period - Shot by Teuvo Teravainen.
10:51 of 3rd period - Deflect By Nicklas Backstrom.
10:51 of 3rd period - Goal by Nicklas Backstrom - PHOENIX MUSTANGS : 4 - VICTORIA GLADIATORS : 3.
10:52 of 3rd period - Kevin Hayes wins face-off versus Jared McCann in neutral zone.
10:52 of 3rd period - Kevin Hayes is hit by Jared McCann.
11:05 of 3rd period - Kevin Hayes is hit by Nick Holden and loses puck.
12:06 of 3rd period - Shot by Teuvo Teravainen.
12:06 of 3rd period - Shot Misses the Net.
12:08 of 3rd period - Shot by Jesper Fast.
12:08 of 3rd period - Shot Misses the Net.
12:24 of 3rd period - Shot by Anze Kopitar.
12:24 of 3rd period - Stopped by Corey Crawford without a rebound.
12:25 of 3rd period - Vincent Trocheck wins face-off versus Andrew Copp in PHOENIX MUSTANGS zone.
12:39 of 3rd period - Clayton Keller is hit by Nikita Zaitsev and loses puck.
13:37 of 3rd period - Anze Kopitar is hit by Fredrik Claesson and loses puck.
13:44 of 3rd period - Shot by Bryan Rust.
13:44 of 3rd period - Shot Blocked by Dennis Cholowski.
13:55 of 3rd period - Icing by Alex Goligoski.
13:56 of 3rd period - Bryan Rust wins face-off versus Nicklas Backstrom in VICTORIA GLADIATORS zone.
14:24 of 3rd period - Bryan Rust is hit by Erik Karlsson and loses puck.
14:57 of 3rd period - Jesper Fast is hit by Nick Holden and loses puck.
16:21 of 3rd period - Shot by Elias Lindholm.
16:21 of 3rd period - Stopped by Corey Crawford without a rebound.
16:22 of 3rd period - Christian Dvorak wins face-off versus Anze Kopitar in PHOENIX MUSTANGS zone.
16:42 of 3rd period - Shot by Anze Kopitar.
16:42 of 3rd period - Shot Misses the Net.
16:44 of 3rd period - Shot by Kyle Connor.
16:44 of 3rd period - Shot Blocked by Erik Karlsson.
17:11 of 3rd period - Shot by Anze Kopitar.
17:11 of 3rd period - Shot Blocked by Erik Karlsson.
18:23 of 3rd period - Minor Penalty to John Hayden for Hooking.
18:24 of 3rd period - Kevin Hayes wins face-off versus Tanner Pearson in VICTORIA GLADIATORS zone.
19:43 of 3rd period - Shot by Jonas Brodin.
19:43 of 3rd period - Shot Blocked by Nick Holden.
Goals for this period are 2 for PHOENIX MUSTANGS vs 1 for VICTORIA GLADIATORS.
Shots for this period are 3 for PHOENIX MUSTANGS vs 3 for VICTORIA GLADIATORS.


SCOTT
LAUGHTON
IGOR
SHESTERKIN
ALEX
TUCH

EAST COAST

HOCKEY LEAGUE

  • 9.CHI2QUE6
  • 10.LIM2CHA3
  • 11.LON6TRV4
  • 12.BAL3CHW2
  • 13.MANPIT
  • 14.NHWATL
  • 15.PETWOR
  • 16.RHI